 Dungeon Sprint DCSS version 0.21-a0-39-g28ea6b7 (webtiles) character file.

1484 Kidiri the Thaumaturge (level 8, -2/51 HPs)
             Began as a Deep Elf Fire Elementalist on May 31, 2017.
             Killed from afar by an electric eel (9 damage)
             ... with a bolt of electricity
             ... in the Dungeon (Sprint II: "The Violet Keep of Menkaure").
             The game lasted 00:04:18 (827 turns).

Kidiri the Thaumaturge (Deep Elf Fire Elementalist)  Turns: 827, Time: 00:04:19

Health: -2/51      AC:  2    Str:  5      XL:     8   Next: 50%
Magic:  27/27      EV: 17    Int: 22 (23) God:
Gold:   972        SH:  0    Dex: 13      Spells: 15/33 levels left

rFire    . . .     SeeInvis .   (no weapon)
rCold    . . .     Gourm    .   (no shield)
rNeg     . . .     Faith    .   a - +0 robe
rPois    .         Spirit   .   (no helmet)
rElec    .         Reflect  .   (no cloak)
rCorr    .         Harm     .   (no gloves)
MR       .....     NoTele   +   (no boots)
Stlth    ++........             (no amulet)
Regen    0.2/turn               (no ring)
MPRegen  0.2/turn               (no ring)

@: no status effects
A: blink, clumsy 1
a: Blink


You were in the Dungeon.
You were not hungry.

You visited 1 branch You collected 972 gold pieces.

Inventory:

Armour
 a - a +0 robe (worn)
Scrolls
 i - a scroll of blinking
Potions
 d - a potion of curing
 e - a potion of heal wounds
 f - a potion of haste
 g - a potion of magic
 h - a potion of berserk rage
Books
 b - a book of Flames

   Spells                             Type                      Level
   a - Flame Tongue                   Conjuration/Fire             1
   b - Throw Flame                    Conjuration/Fire             2
   c - Conjure Flame                  Conjuration/Fire             3
   d - Inner Flame                    Hexes/Fire                   3
   e - Sticky Flame                   Conjuration/Fire             4
   f - Fireball                       Conjuration/Fire             5
Comestibles
 c - a bread ration
 j - 3 chunks of flesh


   Skills:
 + Level 6.0 Fighting
 + Level 6.0 Armour
 + Level 9.0 Dodging
 - Level 2.4 Stealth
 * Level 13.2 Spellcasting
 + Level 7.9 Conjurations
 + Level 8.6 Fire Magic


You had 15 spell levels left.
You knew the following spells:

 Your Spells              Type           Power        Failure   Level  Hunger
a - Flame Tongue          Conj/Fire      #####        1%          1    None
b - Throw Flame           Conj/Fire      ######       1%          2    None
c - Conjure Flame         Conj/Fire      ######..     1%          3    None
d - Inner Flame           Hex/Fire       ####....     2%          3    None
e - Sticky Flame          Conj/Fire      ######..     1%          4    None
f - Fireball              Conj/Fire      ######....   4%          5    ###....


Dungeon Overview and Level Annotations

Branches:
Dungeon (1/1)

Altars:

Shops:
D ?=[[(%((!=!:[

Annotations:
D exclusion: oklob plant


Innate Abilities, Weirdness & Mutations

You can translocate small distances at will.
You are clumsy. (Dex -2)


Message History

The bolt of electricity hits you!
There is an open door here.
Unknown command.
You enter the shallow water.
Moving in this stuff is going to be slow.
The electric eel shoots out a bolt of lightning at you!
The bolt of electricity hits the electric eel.
The electric eel completely resists.
The bolt of electricity misses you.
Which direction?
The electric eel shoots out a bolt of lightning at you!
The bolt of electricity hits you! x2
* * * LOW HITPOINT WARNING * * *
The electric eel shoots out a bolt of lightning at you!
The bolt of electricity hits the electric eel.
The electric eel completely resists.
The bolt of electricity hits you!
* * * LOW HITPOINT WARNING * * *
The electric eel shoots out a bolt of lightning at you!
The bolt of electricity hits the electric eel.
The electric eel completely resists.
The bolt of electricity hits you!
You die...

####+#### ##§§§§§§§##
##≈§§§§§§§≈##
+≈;≈§§§§§§;≈# #;≈;;§§;§§#
#;;≈;≈§§# #≈≈#'§@#+++##
########≈≈≈≈≈≈≈≈....#
.......#≈≈≈≈≈##'##..#
...⌠...#≈≈≈≈##...##.# ##
..∩.∩..#≈≈≈≈#.##..# .#
.∩.∩.∩.#≈≈####.###### .##
∩.∩.∩.∩#≈##.###'# #.##..#
.∩...∩.#≈#...##.####.#..#
∩.....∩+≈'.#)'.<.'.##+..#


You could see 9 electric eels.

Vanquished Creatures
  A merfolk siren (D)
  A blink frog (D)
  2 hippogriffs (D)
  Menkaure (D)
  4 neqoxecs (D)
  3 worms (D)
12 creatures vanquished.

Vanquished Creatures (others)
  A crocodile (D)
1 creature vanquished.

Grand Total: 13 creatures vanquished

Notes
Turn   | Place    | Note
-------+----------+-------------------------------------------
     0 | D        | Kidiri the Deep Elf Fire Elementalist began the quest for the Orb.
     0 | D        | Reached XP level 1. HP: 10/10 MP: 6/6
     1 | D        | Noticed a neqoxec
     5 | D        | Noticed a merfolk siren
     9 | D        | Noticed a hippogriff
     9 | D        | Noticed a hippogriff
    44 | D        | Killed a crocodile
   211 | D        | Reached skill level 4 in Spellcasting
   297 | D        | Reached skill level 1 in Fighting
   297 | D        | Reached skill level 1 in Armour
   297 | D        | Reached XP level 2. HP: 16/16 MP: 1/9
   301 | D        | Learned a level 2 spell: Throw Flame
   386 | D        | Killed a merfolk siren
   386 | D        | Reached skill level 9 in Spellcasting
   386 | D        | Reached skill level 5 in Conjurations
   386 | D        | Reached XP level 3. HP: 24/24 MP: 0/16
   386 | D        | Reached XP level 4. HP: 29/29 MP: 0/17
   386 | D        | Reached XP level 5. HP: 33/33 MP: 0/19
   386 | D        | Reached XP level 6. HP: 38/38 MP: 0/20
   391 | D        | Learned a level 3 spell: Conjure Flame
   395 | D        | Learned a level 3 spell: Inner Flame
   400 | D        | Learned a level 4 spell: Sticky Flame
   406 | D        | Learned a level 5 spell: Fireball
   512 | D        | Killed a hippogriff
   512 | D        | Reached skill level 10 in Spellcasting
   515 | D        | Killed a hippogriff
   515 | D        | Reached skill level 5 in Armour
   515 | D        | Reached skill level 11 in Spellcasting
   515 | D        | Reached XP level 7. HP: 29/44 MP: 7/23
   630 | D        | Noticed a neqoxec
   633 | D        | Killed a neqoxec
   633 | D        | Reached skill level 5 in Fighting
   641 | D        | Killed a neqoxec
   641 | D        | Reached skill level 12 in Spellcasting
   647 | D        | Noticed a neqoxec
   650 | D        | Noticed a neqoxec
   651 | D        | Gained mutation: You can translocate small distances at will. [a neqoxec]
   665 | D        | Killed a neqoxec
   665 | D        | Reached XP level 8. HP: 50/50 MP: 21/26
   668 | D        | Gained mutation: You are clumsy. (Dex -2) [a neqoxec]
   768 | D        | Found Avery's Antique Armour Emporium.
   769 | D        | Found Hutz's Distillery.
   770 | D        | Found Foagret's Distillery.
   771 | D        | Found Licsad's Antique Weapon Shoppe.
   772 | D        | Noticed a blink frog
   775 | D        | Killed a blink frog
   775 | D        | Reached skill level 13 in Spellcasting
   777 | D        | Found Moca Eqa's Food Shoppe.
   777 | D        | Found Apsucick's Jewellery Emporium.
   780 | D        | Found Bozuatz's Antique Weapon Shoppe.
   780 | D        | Found Qenkut's Antique Weapon Emporium.
   783 | D        | Found Ihehicag's Armour Shoppe.
   783 | D        | Found Mearphemu's Book Shoppe.
   783 | D        | Found Gaujefash's Antique Armour Emporium.
   784 | D        | Noticed an iron elemental
   788 | D        | Found Zah Akhe's Jewellery Shoppe.
   788 | D        | Found Zipuset's Magic Scroll Emporium.
   788 | D        | Noticed Menkaure
   788 | D        | Noticed an oklob plant
   793 | D        | Killed Menkaure
   827 | D        | Killed from afar by an electric eel

Vault maps used:
D:        the_violet_keep_of_menkaure

Skill      XL: |  1  2  3  4  5  6  7  8 |
---------------+-------------------------+-----
Spellcasting   | 4 9 11 12 13 | 13.2
Fighting       | 1 4 5 6 |  6.0
Armour         | 1 4 5 6 |  6.0
Dodging        | 6 7 8 9 |  9.0
Conjurations   | 5 6 7 |  7.9
Fire Magic     | 6 7 8 |  8.6
Stealth        | |  2.4

Action                   |  1- 3 |  4- 6 |  7- 9 || total
-------------------------+-------+-------+-------++-------
Melee: Unarmed           |       |       |     1 ||     1
 Cast: Flame Tongue      |    26 |     7 |    36 ||    69
       Conjure Flame     |       |     1 |     2 ||     3
       Sticky Flame      |       |     1 |     2 ||     3
       Throw Flame       |       |       |     2 ||     2
  Use: Potion            |       |       |     1 ||     1
Armor: Robe              |     1 |       |     2 ||     3
Dodge: Dodged            |     3 |     3 |     5 ||    11
